 Dungeon Crawl Stone Soup version 0.25.1-4-g9407a263a5 (webtiles) character file.

Game seed: 4864224236939507264

1848 Gabide the Poker (level 8, -11/96 HPs)
             Began as a Demigod Gladiator on Nov 28, 2020.
             Killed from afar by Maggie (22 damage)
             ... with a bolt of fire
             ... on level 7 of the Dungeon.
             The game lasted 00:14:28 (6309 turns).

Gabide the Poker (Demigod Gladiator)                Turns: 6309, Time: 00:14:29

Health: -11/96     AC: 24    Str: 19    XL:     8   Next: 57%
Magic:  19/19      EV:  2    Int: 12    God:
Gold:   424        SH:  0    Dex: 19    Spells: 7/7 levels left

rFire    . . .     SeeInvis .   a - +0 trident
rCold    . . .     Gourm    .   (no shield)
rNeg     + + +     Faith    .   (armour currently unavailable)
rPois    +         Spirit   .   (helmet currently unavailable)
rElec    .         Reflect  .   (cloak currently unavailable)
rCorr    .         Harm     .   (gloves currently unavailable)
MR       .....     NoTele   +   (boots currently unavailable)
Stlth    ++........             (no amulet)
HPRegen  0.26/turn              c - ring of magical power
MPRegen  0.16/turn              (no ring)

@: tree-form, heavily drained
A: high mp 1
a: no special abilities


You were on level 7 of the Dungeon.
You were not hungry.
You were a tree.
You visited 1 branch of the dungeon, and saw 7 of its levels.

You collected 424 gold pieces.

Inventory:

Hand Weapons
 a - a +0 trident (weapon)
Missiles
 p - 18 poisoned darts (quivered)
Armour
 d - a +0 pair of boots (melded)
 l - a +0 helmet (melded)
 n - a +2 ring mail (melded)
 t - a +1 pair of gloves (melded)
Jewellery
 c - a ring of magical power (left branch)
 v - an uncursed ring of flight {unknown}
Wands
 o - a wand of iceblast (13)
Scrolls
 g - 3 scrolls of teleportation
 w - a scroll of fog
Potions
 b - a potion of lignification
 e - a potion of berserk rage {unknown}
 h - a potion of might {unknown}
 j - a potion of mutation {unknown}
 k - a potion of curing
 m - a potion of ambrosia {unknown}
 q - a potion of magic {unknown}
 r - a potion of cancellation {unknown}
 s - 2 potions of haste {unknown}
 u - a potion of stabbing {unknown}
Comestibles
 f - 18 rations


   Skills:
 + Level 3.6(2.3) Fighting
 * Level 7.3(5.9) Polearms
   Level 1.2(3.4) Staves
 - Level 1.7(0.5) Throwing
 * Level 5.4(4.0) Armour
 * Level 5.2(3.8) Dodging
 + Level 0.1(0.0) Evocations


You had 7 spell levels left.
You didn't know any spells.
Your spell library was empty.

Dungeon Overview and Level Annotations

Branches:
Dungeon (7/15)             Temple (0/1) D:5

Annotations:
D:7 Maggie


Innate Abilities, Weirdness & Mutations

You have an increased reservoir of magic. (+10% MP)


Message History

Maggie is lightly wounded.
The wight hits you but does no damage. Maggie hits you but does no damage.
You barely miss Maggie.
Maggie is lightly wounded.
The wight hits you but does no damage.
You completely miss Maggie.
Maggie is lightly wounded.
You break out of your daze.
Maggie hits you with a +5 broad axe of electrocution.
You are electrocuted!!
* * * LOW HITPOINT WARNING * * *
The wight hits you but does no damage.
Throwing (i - inventory)
p - 19 poisoned darts (quivered)
Press: ? - help, Shift-Dir - straight line, f/p - Maggie
Aim: Maggie, wielding a +5 broad axe of electrocution and wearing +0 acid dragon scales (lightly wounded)
You throw a poisoned dart. The poisoned dart hits Maggie.
Maggie is lightly wounded.
Maggie points at you and mumbles some strange words.
The bolt of fire hits you!!
You die...

.... ..... .... ..
#.. ..##.##.##
........## #
###.####..####### .
##.....##.z@♣....#
##.#.......#.z#####.#
...#.......#..#
#......_......#
#.#.......#..#
###.#.......#..##
.).##.....##....
#.####.####.####
#...........#


You could see Maggie and 2 wights.

Vanquished Creatures
  Pikel (D:4)
  2 phantoms
  A sky beast (D:7)
  2 bullfrogs (D:6)
  3 scorpions
  2 wights (D:7)
  A jelly (D:5)
  A quasit (D:5)
  A bullfrog skeleton (D:4)
  3 hounds
  2 orc wizards
  2 iguanas
  Natasha (thrice) (D:3)
  4 worker ants
  7 gnolls
  A howler monkey skeleton (D:3)
  5 adders
  9 river rats (D:6)
  A shadow imp (D:6)
  3 oozes
  An adder skeleton (D:5)
  4 worms
  3 dart slugs (D:1)
  3 leopard geckos
  12 orcs
  4 bats (D:1)
  3 giant cockroaches
  9 goblins
  6 hobgoblins
  6 kobolds
  10 quokkas
  5 frilled lizards
  A jackal skeleton (D:4)
  A leopard gecko skeleton (D:6)
  25 rats
147 creatures vanquished.

Vanquished Creatures (others)
  An orc priest (D:4)
  An orc wizard (D:4)
  2 orcs (D:4)
  A quokka skeleton (D:4)
5 creatures vanquished.

Grand Total: 152 creatures vanquished

Notes
Turn   | Place    | Note
-------+----------+-------------------------------------------
     0 | D:1      | Gabide the Demigod Gladiator began the quest for the Orb.
     0 | D:1      | Reached XP level 1. HP: 17/17 MP: 3/3
   174 | D:1      | Reached skill level 3 in Polearms
   225 | D:1      | Reached XP level 2. HP: 24/24 MP: 4/4
   831 | D:2      | Reached XP level 3. HP: 29/29 MP: 5/5
  1233 | D:2      | Noticed a scorpion
  1243 | D:2      | Killed a scorpion
  1243 | D:2      | Reached skill level 4 in Polearms
  1243 | D:2      | Reached skill level 1 in Armour
  1243 | D:2      | Reached XP level 4. HP: 32/36 MP: 6/6
  1287 | D:2      | Found a shattered altar of Ashenzari.
  1811 | D:3      | Reached XP level 5. HP: 25/42 MP: 7/7
  2066 | D:3      | Noticed Natasha
  2071 | D:3      | Killed Natasha
  2184 | D:3      | Noticed Natasha
  2191 | D:3      | Killed Natasha
  2390 | D:3      | Found a faded altar of an unknown god.
  2493 | D:3      | Noticed Natasha
  2505 | D:3      | Killed Natasha
  2505 | D:3      | Reached skill level 5 in Polearms
  2565 | D:3      | Found an ornate altar of the Wu Jian Council.
  2567 | D:3      | Found an opulent altar of Gozag.
  2567 | D:3      | Found a snail-covered altar of Cheibriados.
  2567 | D:3      | Found a shimmering altar of Xom.
  2567 | D:3      | Found a snail-covered altar of Cheibriados.
  2567 | D:3      | Found an opulent altar of Gozag.
  2982 | D:3      | Reached XP level 6. HP: 50/50 MP: 8/8
  3032 | D:4      | Found an iron altar of Okawaru.
  3055 | D:4      | Noticed Pikel
  3070 | D:4      | Killed Pikel
  3070 | D:4      | Reached XP level 7. HP: 52/56 MP: 9/9
  3141 | D:4      | Reached skill level 6 in Polearms
  3835 | D:4      | Found an ornate altar of the Wu Jian Council.
  3940 | D:5      | Entered Level 5 of the Dungeon
  4705 | D:5      | Found a staircase to the Ecumenical Temple.
  4813 | D:5      | Reached XP level 8. HP: 61/63 MP: 10/10
  5049 | D:6      | Reached skill level 1 in Staves
  5049 | D:6      | Reached skill level 5 in Armour
  5487 | D:6      | Found a white marble altar of Elyvilon.
  5628 | D:6      | Reached skill level 5 in Dodging
  6004 | D:6      | Reached skill level 7 in Polearms
  6236 | D:7      | Found an opulent altar of Gozag.
  6248 | D:7      | Noticed Maggie
  6309 | D:7      | Killed from afar by Maggie

Illustrated notes

Levels and vault maps discovered:
D:1:      mrwooster_arrival_arrow, layout_basic, serial_park_tiny_1, minivault_5
D:2:      minmay_angry_zag, layout_basic, ashenzari_altar_1, first_ration
D:3:      layout_loops_ring, doesnt_xom_only_xom,
          chequers_ecumenical_altar_grove, uniq_natasha
D:4:      layout_cave_pools, kennysheep_mini_moat, kennysheep_little_box,
          uniq_pikel
D:5:      layout_rooms, minmay_temple_entry_water_ring
D:6:      lemuel_ratsnest, layout_basic, kennysheep_mini, minmay_starry_boxes
D:7:      layout_loops_cross, old_standard_altar, lemuel_blue_sif_altar,
          uniq_maggie, uniq_crazy_yiuf_cottage

Skill      XL: |  1  2  3  4  5  6  7  8 |
---------------+-------------------------+-----
Polearms       | 3 4 5 6 7 |  7.3
Dodging        | 3 4 5 |  5.2
Fighting       | 2 3 |  3.6
Armour         | 1 2 3 4 5 |  5.4
Staves         | 1 |  1.2
Throwing       | |  1.7
Evocations     | |  0.1

Action                   |  1- 3 |  4- 6 |  7- 9 || total
-------------------------+-------+-------+-------++-------
Melee: Trident           |   125 |   105 |   279 ||   509
       Quarterstaff      |       |       |   164 ||   164
Throw: Dart              |     6 |    36 |    39 ||    81
       Throwing net      |       |     3 |     3 ||     6
Evoke: Wand              |       |       |     4 ||     4
  Use: Scroll            |     3 |     3 |     8 ||    14
       Potion            |       |     2 |     5 ||     7
 Stab: Sleeping          |     1 |       |       ||     1
       Held in net/web   |       |     1 |     1 ||     2
  Eat: Chunk             |     1 |     6 |     4 ||    11
       Ration            |       |       |     2 ||     2
Armor: Leather armour    |    11 |       |       ||    11
       Ring mail         |    12 |    38 |   150 ||   200
       Skin              |       |       |    39 ||    39
Dodge: Dodged            |    66 |    94 |   338 ||   498
